 Dungeon Crawl Stone Soup version 0.30-a0-918-g0ff054e9dc (webtiles) character file.

Game seed: 4018533916499393344

1339 Barriton the Magician (level 8, -1/59 HPs)
             Began as a Purple Draconian Fire Elementalist on Mar 20, 2023.
             Was a Follower of Vehumet.
             Slain by a killer bee (4 damage)
             ... on level 5 of the Dungeon.
             The game lasted 00:11:13 (4528 turns).

Barriton the Magician (DrFE)                        Turns: 4528, Time: 00:11:14

Health: -1/59      AC:  6    Str: 12    XL:     8   Next: 35%
Magic:  1/18       EV: 13    Int: 17    God:    Vehumet [*.....]
Gold:   282        SH:  0    Dex: 17    Spells: 16/20 levels left

rFire   + . .      SeeInvis .    k - staff of conjuration
rCold   x . .      Faith    .    (no shield)
rNeg    . . .      Spirit   .    (body armour unavailable)
rPois   .          Reflect  .    (helmet restricted)
rElec   .          Rampage  .    (no cloak)
rCorr   .                        (no gloves)
Will    +....                    (no boots)
Stlth   ++                       j - amulet of regeneration
HPRegen 1.09/turn                h - +6 ring of dexterity
MPRegen 0.16/turn                g - ring of fire

@: lethally poisoned (-1 -> -1)
A: breathe power, AC +6, unfitting armour, cold-blooded
a: Breathe Dispelling Energy, Renounce Religion


You were on level 5 of the Dungeon.
You worshipped Vehumet.
Vehumet was aware of your devotion.
You visited 1 branch of the dungeon, and saw 5 of its levels.

You collected 282 gold pieces.

Inventory:

Magical Staves
 k - a staff of conjuration (weapon)
Jewellery
 g - a ring of fire (right hand)
 h - a +6 ring of dexterity (left hand)
 j - an amulet of regeneration (around neck)
Wands
 l - a wand of flame (17)
 m - a wand of acid (10)
 o - a wand of iceblast (7)
Scrolls
 d - 3 scrolls of teleportation
 n - 3 scrolls of identify
 p - a scroll of blinking {unknown}
 q - 2 scrolls of magic mapping {unknown}
 s - a scroll of poison {unknown}
Potions
 a - 2 potions of ambrosia
 b - a potion of flight
 c - a potion of haste
 e - 2 potions of cancellation
 f - 3 potions of heal wounds
 i - a potion of degeneration
 r - a potion of curing {unknown}
 t - a potion of might {unknown}


   Skills:
 + Level 1.1 Fighting
 + Level 1.0 Staves
 + Level 3.0 Dodging
 + Level 2.6 Stealth
 + Level 1.7 Unarmed Combat
 + Level 6.8 Spellcasting
 + Level 3.4 Conjurations
 + Level 6.1 Fire Magic
 * Level 3.1 Evocations


You had 16 spell levels left.
You knew the following spells:

 Your Spells              Type           Power      Damage    Failure   Level
a - Foxfire               Conj/Fire      100%       2x1d9     1%          1
b - Scorch                Fire           78%        2d9       1%          2
c - Beastly Appendage     Tmut           10%        N/A       12%         1

Your spell library contained the following spells:

 Spells                   Type           Power      Damage    Failure   Level
 Magic Dart               Conj           100%       1d8       3%          1
 Inner Flame              Hex/Fire       24%        N/A       10%         3
 Apportation              Tloc           10%        N/A       12%         1
 Necrotise                Necr           20%        1d5       12%         1
 Summon Small Mammal      Summ           20%        N/A       12%         1
 Kindle Blastsparks       Fire/Tloc/Air  38%        2d13      16%         3
 Flame Wave               Conj/Fire      49%        2d12      17%         4
 Wereblood                Tmut           5%         N/A       19%         2
 Spider Form              Tmut/Pois      5%         N/A       34%         3
 Fireball                 Conj/Fire      24%        3d11      43%         5
 Starburst                Conj/Fire      24%        6d8       95%         6


Dungeon Overview and Level Annotations

Branches:
Dungeon (5/15)
 Temple: D:4-7

Altars:
Cheibriados
Hepliaklqana
Kikubaaqudgha
Ru
Vehumet


Innate Abilities, Weirdness & Mutations

You can breathe bolts of dispelling energy.
Your rich purple scales are hard. (AC +6)
You cannot fit into any form of body armour.
You are cold-blooded and may be slowed by cold attacks.


Message History

You feel sick.
The killer bee stings you but does no damage.
The killer bee closely misses you.
You hit the killer bee.
The killer bee is heavily wounded.
You feel sick. The killer bee barely misses you.
The killer bee stings you but does no damage.
You hit the killer bee but do no damage.
The killer bee is heavily wounded.
You feel sick. The killer bee closely misses you.
The killer bee barely misses you. The killer bee closely misses you.
You closely miss the killer bee.
The killer bee is heavily wounded.
You feel sick.
The killer bee is no longer more vulnerable to fire.
The killer bee stings you but does no damage.
The killer bee misses you.
You hit the killer bee.
You blast the killer bee.
You tail-slap the killer bee, but do no damage.
The killer bee is almost dead.
You feel sick.
You are no longer poisoned.
The killer bee stings you!
* * * LOW HITPOINT WARNING * * *
You are poisoned.
The killer bee poisons you! The killer bee stings you.
* * * LOW HITPOINT WARNING * * *
You barely miss the killer bee.
The killer bee is severely wounded.
You feel very sick. The killer bee stings you.
* * * LOW HITPOINT WARNING * * *
The killer bee misses you.
You hit the killer bee but do no damage.
Your tail-slap misses the killer bee.
The killer bee is severely wounded.
You feel sick. The killer bee barely misses you. The killer bee stings you.
* * * LOW HITPOINT WARNING * * *
The killer bee stings you.
You die...

######## #..)...#
#@####.# ##y##.#.#
### #.....#.# ....
#.†#.##.# .....
#.......#
......###....####
......'†........#
......##†.....#.####
..... #...........#


You could see a killer bee.

Vanquished Creatures
  Grinder (D:3)
  A water moccasin (D:5)
  An ogre (D:5)
  2 scorpions
  3 wights (D:5)
  5 killer bees (D:5)
  2 vampire bats (D:3)
  A jelly (D:5)
  2 orc priests (D:5)
  Ijyb (D:3)
  Natasha (D:2)
  3 iguanas
  An orc wizard (D:5)
  7 adders
  2 dart slugs
  7 orcs
  6 bats
  2 bat skeletons (D:3)
  2 bat zombies (D:3)
  5 endoplasms
  A giant cockroach (D:1)
  7 goblins
  7 hobgoblins
  4 jackals (D:1)
  3 kobolds
  3 quokkas
  8 ball pythons
  11 frilled lizards
  3 rats
102 creatures vanquished.

Vanquished Creatures (others)
  231 foxfires
231 creatures vanquished.

Grand Total: 333 creatures vanquished

Notes
Turn   | Place    | Note
-------+----------+-------------------------------------------
     0 | D:1      | Barriton the Draconian Fire Elementalist began the quest
                  | for the Orb.
     0 | D:1      | Reached XP level 1. HP: 14/14 MP: 3/3
     0 | D:1      | Noticed a naga
    15 | D:1      | Noticed a human
    18 | D:1      | Noticed a merfolk
    21 | D:1      | Noticed a merfolk zombie
    24 | D:1      | Noticed a merfolk zombie
    26 | D:1      | Noticed a minotaur
   276 | D:1      | Reached XP level 2. HP: 19/20 MP: 0/5
   279 | D:1      | Learned a level 2 spell: Scorch
   857 | D:1      | Reached XP level 3. HP: 26/26 MP: 0/6
  1075 | D:1      | Identified a scroll of acquirement
  1075 | D:1      | Acquired a book of Cantrips
  1466 | D:2      | Noticed Natasha
  1472 | D:2      | Killed Natasha
  1888 | D:3      | Reached XP level 4. HP: 33/33 MP: 0/7
  1980 | D:3      | Reached skill level 1 in Unarmed Combat
  2011 | D:3      | Noticed Grinder
  2047 | D:3      | Paralysed by Grinder for 5 turns
  2056 | D:3      | Killed Grinder
  2057 | D:3      | Reached XP level 5. HP: 4/39 MP: 1/10
  2057 | D:3      | Reached XP level 6. HP: 5/46 MP: 1/11
  2073 | D:3      | Reached skill level 1 in Fighting
  2268 | D:3      | Noticed Ijyb
  2292 | D:3      | Killed Ijyb
  2445 | D:3      | Found a radiant altar of Vehumet.
  2649 | D:3      | Found a sacrificial altar of Ru.
  2654 | D:3      | Found a hazy altar of Hepliaklqana.
  2855 | D:3      | Found an ancient bone altar of Kikubaaqudgha.
  2951 | D:3      | Became a worshipper of Vehumet
  3237 | D:4      | Your scales start taking on a rich purple colour.
  3237 | D:4      | Reached skill level 5 in Spellcasting
  3237 | D:4      | Reached XP level 7. HP: 52/52 MP: 12/14
  3693 | D:4      | Found a snail-covered altar of Cheibriados.
  3711 | D:4      | Acquired a book of Fire
  3722 | D:5      | Entered Level 5 of the Dungeon
  3961 | D:5      | Reached skill level 5 in Fire Magic
  3961 | D:5      | Reached skill level 1 in Evocations
  4123 | D:5      | Learned a level 1 spell: Beastly Appendage
  4307 | D:5      | Reached XP level 8. HP: 51/59 MP: 9/17
  4516 | D:5      | Reached * piety under Vehumet
  4516 | D:5      | Offered knowledge of Magic Dart by Vehumet.
  4517 | D:5      | Reached skill level 1 in Staves
  4528 | D:5      | Slain by a killer bee

Illustrated notes

Levels and vault maps discovered:
D:1:      shiori_arrival_whats_in_store_for_you, layout_loops_ring,
          minmay_lizard_pond
D:2:      layout_loops_ring, serial_glass, glass_columns_c, glass_columns_b,
          glass_columns_c, glass_columns_a, item_on_display_a,
          ebering_dispersal_statue_hall, uniq_natasha, uniq_crazy_yiuf_cottage
D:3:      layout_rooms, mainiacjoe_overflow_small_starburst,
          kennysheep_vampire_church, mainiacjoe_overflow_big_doors,
          uniq_grinder, uniq_ijyb
D:4:      layout_rooms, kennysheep_mini_moat
D:5:      layout_basic, chequers_serial_rivers_small_b,
          kennysheep_generic_room_7, uniq_sigmund

Skill      XL: |  1  2  3  4  5  6  7  8 |
---------------+-------------------------+-----
Dodging        | 2 3 |  3.0
Stealth        | 2 |  2.6
Unarmed Combat | 1 |  1.7
Spellcasting   | 3 5 6 |  6.8
Conjurations   | 2 3 |  3.4
Fire Magic     | 4 5 6 |  6.1
Fighting       | 1 |  1.1
Evocations     | 2 3 |  3.1
Staves         | 1 |  1.0

Action                     |  1- 3 |  4- 6 |  7- 9 || total
---------------------------+-------+-------+-------++-------
  Melee: Unarmed           |    94 |     6 |       ||   100
         Tailslap          |     8 |     2 |     2 ||    12
         Punch             |     2 |     2 |     1 ||     5
         Staff             |       |    30 |    13 ||    43
   Cast: Foxfire           |    56 |    45 |    48 ||   149
         Scorch            |     7 |    20 |    24 ||    51
    Use: Scroll            |     5 |     5 |     3 ||    13
         Potion            |       |     1 |     1 ||     2
 Armour: Skin              |    41 |    24 |    12 ||    77
  Dodge: Dodged            |    97 |    44 |    43 ||   184

Table legend: (Time is in decaauts)
 A = Elapsed time spent in this place.
 B = Non-inter-level travel time spent in this place.
 C = Inter-level travel time spent in this place.
 D = Time resting spent in this place.
 E = Time spent auto-exploring this place.
 F = Levels seen in this place.
 G = Mean time per level.
                   A        B        C        D        E       F      G
               +--------+--------+--------+--------+--------+-----+--------+
         Total |   4533 |   4330 |    203 |      0 |   3570 |   5 |  906.6 |
       Dungeon |   4533 |   4330 |    203 |      0 |   3570 |   5 |  906.6 |
               +--------+--------+--------+--------+--------+-----+--------+

Top non-repeatable levels by time:
     D:1: 1127 daAuts
     D:3: 1099 daAuts
     D:5: 808 daAuts
     D:4: 754 daAuts
     D:2: 743 daAuts
